AoeStats
← Simón Bolivar

Golden Pit

508770268Analyzed
1v1 RM · 10d ago on Sep 24, 2026· 38m 45s· 2 players
Game mode
Random Map
Map size
Tiny (2 player)
Population
200
Speed
Normal
Resources
Standard
Victory
Conquest
Starting age
Dark Age
Ending age
Imperial Age
RankedLock teamsTeams togetherTeam positionsShared explorationLock speedFull tech treeHidden civsTurbo modeCheats
Victory
Defeat
🇦🇷 Teutons · Argentina
357
+15
🇪🇸 Goths · Spain
346
-15
juancarlos_pk
3:11 Loom
14:29 Feudal Age
14:55 Double-Bit Axe
15:48 Wheelbarrow
17:58 Horse Collar
23:13 Stone Mining
23:14 Gold Mining
23:58 Gold Mining
24:54 Forging
24:45 Scale Mail Armor
24:47 Man-at-Arms
28:37 Castle Age
29:52 Long Swordsman
31:12 Hand Cart
31:33 Bow Saw
33:10 Iron Casting
35:12 Squires
Simón Bolivar
8:40 Loom
13:01 Feudal Age
20:06 Scale Mail Armor
20:12 Scale Barding Armor
20:19 Forging
20:21 Bloodlines
21:09 Double-Bit Axe
21:48 Man-at-Arms
24:55 Wheelbarrow
24:06 Town Watch
30:29 Castle Age
34:13 Bow Saw
33:29 Long Swordsman
33:55 Gambesons
34:34 Chain Mail Armor
Connection lost

Rejoining the realm…

Still unreachable

The connection could not be restored.

Session expired

The server has moved on; the page needs a fresh start.